 Dungeon Crawl Stone Soup version 0.27.1-3-gb3d3a73c9e (webtiles) character file.

Game seed: 14729340038844130834

270 pkoi the Ducker (level 6, -1/53 HPs)
             Began as a Gnoll Monk on Oct 13, 2021.
             Slain by Grinder (5 damage)
             ... on level 3 of the Dungeon on Oct 14, 2021.
             The game lasted 00:04:22 (3440 turns).

pkoi the Ducker (Gnoll Monk)                        Turns: 3440, Time: 00:04:22

Health: -1/53      AC:  3    Str: 12    XL:     6   Next: 22%
Magic:  8/8        EV: 19    Int: 10    God:
Gold:   94         SH:  0    Dex: 14    Spells: 8/8 levels left

rFire    . . .     SeeInvis .   k - +3 dagger (flame)
rCold    . . .     Faith    .   (no shield)
rNeg     . . .     Spirit   .   b - +1 robe
rPois    .         Reflect  .   (no helmet)
rElec    .         Harm     .   (no cloak)
rCorr    .         Rampage  .   (no gloves)
Will     .....                  (no boots)
Stlth    +++.......             (no amulet)
HPRegen  0.17/turn              e - +4 ring of evasion
MPRegen  0.11/turn              (no ring)

@: no status effects
A: fangs 1, strong nose, distributed training
a: no special abilities


You were on level 3 of the Dungeon.
You visited 1 branch of the dungeon, and saw 3 of its levels.

You collected 94 gold pieces.

Inventory:

Hand Weapons
 a - a +0 falchion
 k - a +3 dagger of flaming (weapon)
Armour
 b - a +1 robe (worn)
Jewellery
 e - a +4 ring of evasion (left hand)
Scrolls
 d - 3 scrolls of identify
 h - 2 scrolls of teleportation
 l - a scroll of enchant weapon
 n - a scroll of fog {unknown}
Potions
 c - 2 potions of curing {unknown}
 f - a potion of might
 g - 2 potions of heal wounds {unknown}
 j - a potion of ambrosia {unknown}
 m - a potion of haste {unknown}


   Skills:
 + Level 6.8 Fighting
 + Level 1.8 Short Blades
 + Level 6.8 Long Blades
 + Level 1.8 Axes
 + Level 1.8 Maces & Flails
 + Level 1.8 Polearms
 + Level 1.8 Staves
 + Level 1.8 Slings
 + Level 1.8 Bows
 + Level 1.8 Crossbows
 + Level 1.8 Throwing
 + Level 1.8 Armour
 + Level 6.8 Dodging
 + Level 4.5 Stealth
 + Level 1.8 Shields
 + Level 1.8 Unarmed Combat
 + Level 1.8 Spellcasting
 + Level 1.4 Conjurations
 + Level 1.4 Hexes
 + Level 1.4 Summonings
 + Level 1.4 Necromancy
 + Level 1.4 Translocations
 + Level 1.4 Transmutations
 + Level 1.4 Fire Magic
 + Level 1.4 Ice Magic
 + Level 1.4 Air Magic
 + Level 1.4 Earth Magic
 + Level 1.4 Poison Magic
 + Level 2.0 Invocations
 + Level 1.8 Evocations


You had 8 spell levels left.
You didn't know any spells.
Your spell library was empty.

Dungeon Overview and Level Annotations

Branches:
Dungeon (3/15)

Altars:
Cheibriados
Zin

Shops:
D:2 !

Annotations:
D:3 Grinder


Innate Abilities, Weirdness & Mutations

You have very sharp teeth.
Your uncanny sense of smell can sniff out nearby items.
Your experience applies equally to all skills.


Message History

Pain shoots through your body!
You hit Grinder but do no damage.
Grinder is heavily wounded.
Grinder completely misses you.
You hit Grinder. You burn Grinder.
Grinder is heavily wounded.
Grinder says, "There's only one good use for a tongue: cutting it out."
Grinder gestures at you. You resist with significant effort.
You hit Grinder but do no damage.
Grinder is heavily wounded.
Grinder hits you!
* * * LOW HITPOINT WARNING * * *
You writhe in agony.
* * * LOW HITPOINT WARNING * * *
You barely miss Grinder.
Grinder is heavily wounded.
Grinder hits you.
* * * LOW HITPOINT WARNING * * *
You writhe in agony.
* * * LOW HITPOINT WARNING * * *
Grinder says, "Are you a fish?"
Grinder blinks!
Grinder barely misses you.
Found a scroll labelled YNYAREA HUUNIO.
Found a stone staircase leading up.
Grinder closely misses you. Grinder gestures at you.
You resist with significant effort.
There is an escape hatch in the ceiling here.
You hit Grinder. You burn Grinder.
Grinder is heavily wounded.
Grinder hits you!
* * * LOW HITPOINT WARNING * * *
You see here a scroll labelled YNYAREA HUUNIO.
n - a scroll labelled YNYAREA HUUNIO Grinder closely misses you.
As you read the scroll labelled ZIEDAS UNOS, it crumbles to dust.
It is a scroll of enchant armour.
Your +0 robe glows green for a moment.
Grinder hits you.
You die...

#......# #.#
#.≈.≈≈≈≈≈.≈.. .#
##.#.#.# #.#
#............ .# #.#.#.#
#.#########..###### .#
#)#.#.# .........## .#
#.#.#.# #######..# .#
#.#.#.# #....# .#
#.#.#.# #.#.##
.####.#.#.#########
#.#.########
................@.#
#.#.........
.#........#######5#
#.#####.###.
.#.♣._.♣.....<...<# #.#
#.#)..
.#........######..####.#
#.#.#. #######..##
##.......# ##.... .##
#...###### ##.#. .#
#####.##### #.#.
#.........# #.#.
#.........# #.#.


You could see Grinder.

Vanquished Creatures
  A water moccasin (D:3)
  Jessica (D:3)
  8 adders
  A dart slug (D:1)
  An orc (D:3)
  4 bats
  3 endoplasms
  2 giant cockroaches
  5 hobgoblins
  6 jackals
  4 quokkas
  6 ball pythons
  2 frilled lizards
  2 goblins (D:3)
  11 kobolds
  4 rats
61 creatures vanquished.

Notes
Turn   | Place    | Note
-------+----------+-------------------------------------------
     0 | D:1      | pkoi the Gnoll Monk began the quest for the Orb.
     0 | D:1      | Reached XP level 1. HP: 23/23 MP: 1/1
     6 | D:1      | Noticed a redback
     6 | D:1      | Noticed a snapping turtle
     6 | D:1      | Noticed a black bear
     7 | D:1      | Noticed a black mamba
     7 | D:1      | Noticed a swamp worm
   354 | D:1      | Reached XP level 2. HP: 28/29 MP: 2/2
  1314 | D:2      | Reached XP level 3. HP: 27/35 MP: 3/3
  1489 | D:1      | Reached skill level 1 in Invocations
  1678 | D:2      | Found Osukud's Distillery.
  1843 | D:2      | Reached skill level 1 in Short Blades
  1843 | D:2      | Reached skill level 1 in Axes
  1843 | D:2      | Reached skill level 1 in Maces & Flails
  1843 | D:2      | Reached skill level 1 in Polearms
  1843 | D:2      | Reached skill level 1 in Staves
  1843 | D:2      | Reached skill level 1 in Slings
  1843 | D:2      | Reached skill level 1 in Bows
  1843 | D:2      | Reached skill level 1 in Crossbows
  1843 | D:2      | Reached skill level 1 in Throwing
  1843 | D:2      | Reached skill level 1 in Armour
  1843 | D:2      | Reached skill level 1 in Shields
  1843 | D:2      | Reached skill level 1 in Unarmed Combat
  1843 | D:2      | Reached skill level 1 in Spellcasting
  1843 | D:2      | Reached skill level 1 in Evocations
  1971 | D:2      | Reached XP level 4. HP: 34/41 MP: 5/5
  2601 | D:2      | Found a faded altar of an unknown god.
  2634 | D:2      | Reached skill level 1 in Conjurations
  2634 | D:2      | Reached skill level 1 in Hexes
  2634 | D:2      | Reached skill level 1 in Summonings
  2634 | D:2      | Reached skill level 1 in Necromancy
  2634 | D:2      | Reached skill level 1 in Translocations
  2634 | D:2      | Reached skill level 1 in Transmutations
  2634 | D:2      | Reached skill level 1 in Fire Magic
  2634 | D:2      | Reached skill level 1 in Ice Magic
  2634 | D:2      | Reached skill level 1 in Air Magic
  2634 | D:2      | Reached skill level 1 in Earth Magic
  2634 | D:2      | Reached skill level 1 in Poison Magic
  2750 | D:3      | Found a glowing silver altar of Zin.
  2760 | D:3      | Noticed Jessica
  2767 | D:3      | Killed Jessica
  2768 | D:3      | Reached XP level 5. HP: 37/47 MP: 5/7
  2860 | D:3      | Noticed a water moccasin
  2862 | D:3      | Found a snail-covered altar of Cheibriados.
  3126 | D:3      | Killed a water moccasin
  3127 | D:3      | Reached XP level 6. HP: 27/53 MP: 8/8
  3408 | D:3      | Noticed Grinder
  3440 | D:3      | Slain by Grinder

Illustrated notes

Levels and vault maps discovered:
D:1:      onia_arrival_zoo_common, layout_basic, minmay_fountain_box,
          minmay_misc_feat_roman
D:2:      kb_forest_paths, layout_basic, hellmonk_ecumenical_altar_heavens_door,
          serial_shops, shop
D:3:      layout_loops_ring, mainiacjoe_overflow_tiny_flanked,
          mainiacjoe_overflow_cross_hatched, okawaru_gym_becter,
          grunt_dithmenos_smoke, uniq_grinder, uniq_ijyb, uniq_jessica

Skill      XL: |  1  2  3  4  5 |
---------------+----------------+-----
Invocations    | 1 2 |  2.0
Short Blades   | 1 |  1.8
Axes           | 1 |  1.8
Maces & Flails | 1 |  1.8
Polearms       | 1 |  1.8
Staves         | 1 |  1.8
Slings         | 1 |  1.8
Bows           | 1 |  1.8
Crossbows      | 1 |  1.8
Throwing       | 1 |  1.8
Armour         | 1 |  1.8
Shields        | 1 |  1.8
Unarmed Combat | 1 |  1.8
Spellcasting   | 1 |  1.8
Evocations     | 1 |  1.8
Conjurations   | 1 |  1.4
Hexes          | 1 |  1.4
Summonings     | 1 |  1.4
Necromancy     | 1 |  1.4
Translocations | 1 |  1.4
Transmutations | 1 |  1.4
Fire Magic     | 1 |  1.4
Ice Magic      | 1 |  1.4
Air Magic      | 1 |  1.4
Earth Magic    | 1 |  1.4
Poison Magic   | 1 |  1.4
Fighting       | |  6.8
Long Blades    | |  6.8
Dodging        | |  6.8
Stealth        | |  4.5

Action                   |  1- 3 |  4- 6 || total
-------------------------+-------+-------++-------
Melee: Falchion          |    47 |       ||    47
       Bite              |    12 |     6 ||    18
       Dagger            |    45 |    88 ||   133
  Use: Scroll            |     4 |     2 ||     6
 Stab: Sleeping          |     7 |     9 ||    16
Armor: Robe              |    11 |     3 ||    14
Dodge: Dodged            |    83 |    54 ||   137
       Rpst.: Falchion   |    13 |       ||    13
